 Dungeon Crawl Stone Soup version 0.18.1-48-g4cf74bf (webtiles) character file.

632 Gadfly the Skirmisher (level 7, -6/72 HPs)
             Began as an Ogre Hunter on July 23, 2016.
             Mangled by Duvessa
             ... wielding a +0 short sword
              (8 damage)
             ... on level 4 of the Dungeon.
             The game lasted 00:12:24 (5476 turns).

Gadfly the Skirmisher (Ogre Hunter)                 Turns: 5476, Time: 00:12:25

Health: -6/72      AC:  3    Str: 18    XL:     7   Next: 49%
Magic:  7/7        EV: 11    Int: 10    God:
Gold:   172        SH:  0    Dex: 12    Spells: 0 memorised, 6 levels left

rFire  . . .     SeeInvis .     o - +0 morningstar
rCold  . . .     Gourm    .     m - +0 animal skin
rNeg   . . .     Faith    .     (no shield)
rPois  .         Spirit   .     (helmet restricted)
rElec  .         Dismiss  .     (no cloak)
rCorr  .         Reflect  .     (gloves unavailable)
SustAt .         Harm     .     (boots unavailable)
MR     .....                    (no amulet)
Stlth  +.........               (no ring)
                                (no ring)

@: starving, not resistant to hostile enchantments, very unstealthy
A: unfitting armour, antennae 1, tough skin 1
a: no special abilities


You were on level 4 of the Dungeon.
You were starving.

You visited 1 branch of the dungeon, and saw 4 of its levels.

You collected 172 gold pieces.

Inventory:

Hand Weapons
 o - a +0 morningstar (weapon)
Missiles
 c - 5 large rocks
 d - 4 throwing nets
 k - 67 stones (quivered)
Armour
 m - a +0 animal skin (worn)
Scrolls
 e - 5 scrolls of identify
 r - a scroll of recharging
Potions
 i - a potion of agility
 q - 3 potions of curing
Comestibles
 a - a royal jelly
 f - 5 bread rations
 g - 5 fruits
 j - a meat ration
 l - a slice of pizza
 n - a beef jerky


   Skills:
 + Level 5.5 Fighting
 + Level 3.6 Maces & Flails
 * Level 5.4 Throwing
 + Level 4.8 Dodging
 - Level 0.7 Stealth


You had 6 spell levels left.
You didn't know any spells.

Dungeon Overview and Level Annotations

Branches:
Dungeon (4/15)
 Temple: D:4-7

Altars:
Cheibriados
Trog
Yredelemnul

Annotations:
D:4 Dowan, Duvessa


Innate Abilities, Weirdness & Mutations

You are too large for most types of armour.
You have tough skin (AC +1).
You have a pair of small antennae on your head.


Message History

You're too confused to move!
Duvessa hits you but does no damage. Duvessa closely misses you.
You bump into the rock wall.
Duvessa hits you with a short sword.
* * * LOW HITPOINT WARNING * * *
You barely miss Duvessa.
Duvessa is heavily wounded.
You feel less invigorated.
You feel less confused. Duvessa hits you with a short sword.
* * * LOW HITPOINT WARNING * * *
Duvessa hits you with a short sword!
* * * LOW HITPOINT WARNING * * *
Drink which item? (? for menu, Esc to quit)
Okay, then.
Read which item? (? for menu, Esc to quit)
As you read the scroll of fog, it crumbles to dust.
The scroll dissolves into smoke.
Duvessa hits you with a short sword.
* * * LOW HITPOINT WARNING * * *
Dowan completely misses you. Duvessa hits you with a short sword!
You die...

# >. #. .. #. ##.
#.##.. ..###....
........######
..........†..##
.......#####e§####
....... ##@§..#
....... #§e§.#
...le.. #.§§.#
....... #....#
....... ####....#
.......###.......#
...# ##...##....#
...###
#..####....#
......####.##
######


You could see Duvessa and Dowan.

Vanquished Creatures
  Grinder (D:3)
  A scorpion (D:4)
  An orc priest (D:3)
  2 orc wizards
  A gnoll shaman (D:4)
  Jessica (D:3)
  A worker ant (D:4)
  4 gnolls
  6 adders
  2 oozes
  2 worms (D:2)
  2 dart slugs
  A giant gecko (D:2)
  7 orcs
  7 giant cockroaches
  7 goblins
  12 hobgoblins
  3 jackals
  11 kobolds
  A quokka (D:3)
  A ball python skeleton (D:4)
  10 bats
  4 giant newts
  13 rats
101 creatures vanquished.

Notes
Turn   | Place    | Note
--------------------------------------------------------------
     0 | D:1      | Gadfly the Ogre Hunter began the quest for the Orb.
     0 | D:1      | Reached XP level 1. HP: 22/22 MP: 1/1
   437 | D:1      | Reached XP level 2. HP: 29/29 MP: 2/2
   685 | D:1      | Reached XP level 3. HP: 5/37 MP: 3/3
  1691 | D:2      | Reached skill level 1 in Maces & Flails
  1850 | D:2      | Reached XP level 4. HP: 44/45 MP: 4/4
  3010 | D:3      | Reached XP level 5. HP: 11/54 MP: 5/5
  3313 | D:3      | Found a basalt altar of Yredelemnul.
  3318 | D:3      | Found a snail-covered altar of Cheibriados.
  3410 | D:3      | Noticed Grinder
  3433 | D:3      | Paralysed by Grinder for 2 turns
  3436 | D:3      | Killed Grinder
  3436 | D:3      | Reached skill level 5 in Throwing
  3436 | D:3      | Reached XP level 6. HP: 35/65 MP: 6/6
  3860 | D:3      | Noticed Jessica
  3870 | D:3      | Killed Jessica
  3870 | D:3      | Reached skill level 5 in Fighting
  3878 | D:3      | Reached XP level 7. HP: 59/72 MP: 7/7
  3999 | D:3      | Found a bloodstained altar of Trog.
  4299 | D:3      | Found a bloodstained altar of Trog.
  4391 | D:3      | Gained mutation: You have a pair of small antennae on your head. [potion of beneficial mutation]
  5354 | D:4      | Noticed Dowan
  5449 | D:4      | Noticed Duvessa
  5469 | D:4      | HP: 2/72 [Duvessa/short sword (11)]
  5476 | D:4      | HP: 2/72 [Duvessa/short sword (5)]
  5476 | D:4      | Mangled by Duvessa

Skill      XL: |  1  2  3  4  5  6 |
---------------+-------------------+-----
Dodging        | 2 3 4 |  4.8
Fighting       | 3 4 5 |  5.5
Maces & Flails | 1 3 |  3.6
Throwing       | 5 |  5.4
Stealth        | |  0.7

Action                   |  1- 3 |  4- 6 |  7- 9 || total
-------------------------+-------+-------+-------++-------
Melee: Short sword       |    17 |       |       ||    17
       Whip              |   108 |   134 |       ||   242
       Flail             |       |    22 |       ||    22
       Morningstar       |       |    39 |   103 ||   142
Throw: Stone             |    47 |     5 |    22 ||    74
       Large rock        |       |     5 |       ||     5
       Throwing net      |       |     1 |       ||     1
  Use: Scroll            |     3 |     3 |     2 ||     8
       Potion            |     2 |     4 |     3 ||     9
 Stab: Sleeping          |       |     2 |     1 ||     3
       Invisible         |       |     1 |       ||     1
  Eat: Chunk             |     2 |     8 |     3 ||    13
Armor: Robe              |    71 |    34 |     7 ||   112
       Animal skin       |       |       |    29 ||    29
Dodge: Dodged            |    94 |    90 |    84 ||   268
